Map: Battle on the Boardwalk LE

Players

Tomasberkut

  • Race: Zerg Zerg
  • League: Platinum
  • Spawn Location: 11:00

axu - Winner!

  • Race: Protoss Protoss
  • League: Platinum
  • Spawn Location: 1:00

VOD

Have the link to the VOD?

Description

Time

  • Played on: Dec. 27, 2017, 12:13 p.m.
  • Length: 15:03
Show
View Real Time Build Order
Export as new Build Order

Tomasberkut Zerg 

Build Orders: Hatch First 

Get SALT Encoding   

  12  0:01  Drone  
  13  0:13  Overlord  
  13  0:17  Drone  
  14  0:31  Drone x2  
  14  0:35  Drone  
  17  0:54  Hatchery  
  17  0:56  Drone  
  17  1:13  Spawning Pool  
  17  1:14  Drone  
  17  1:16  Drone  
  18  1:23  Drone  
  19  1:29  Drone  
  20  1:35  Extractor  
  20  1:39  Drone  
  20  1:59  Drone  
  21  2:03  Overlord  
  21  2:06  Queen  
  21  2:08  Roach Warren  
  22  2:10  Drone  
  22  2:11  Queen  
  22  2:15  Drone  
  26  2:26  Zergling x2  
  26  2:29  Drone x2  
  30  2:37  Drone  
  30  2:46  Drone x2  
  30  2:48  Queen  
  34  3:05  Drone x2  
  36  3:07  Overlord  
  36  3:20  Lair  
  36  3:24  Overlord  
  36  3:32  Roach  
  36  3:33  Roach x3  
  44  3:35  Overlord  
  44  3:45  Roach  
  44  3:46  Roach x2  
  50  4:15  Hatchery, Roach x3  
  50  4:17  Zergling x6  
  58  4:27  Roach  
  58  4:29  Spore Crawler  
  59  4:33  Spore Crawler  
  58  4:39  Drone x2  
  58  4:43  Overlord  
  60  4:47  Overseer  
  60  5:12  Drone  
  60  5:13  Drone x7  
  68  5:18  Overlord x3  
  68  5:19  Overlord  
  68  5:24  Hatchery  
  68  5:28  Roach  
  68  5:37  Evolution Chamber  
  68  5:39  Evolution Chamber  
  68  5:40  Extractor  
  65  5:46  Extractor  
  65  5:49  Extractor  
  63  5:51  Hatchery  
  62  5:57  Drone  
  62  5:58  Drone x6  
  62  6:04  Drone x3  
  72  6:29  Roach x2  
  72  6:30  Roach x7  
  90  6:38  Roach  
  90  6:39  Roach x2  
  77  6:56  Roach x2  
  75  7:16  Roach, Zergling x2  
  75  7:17  Zergling x22  
  87  7:27  Zergling x2  
  87  7:28  Zergling x4  
  86  7:33  Queen  
  85  7:50  Roach, Zergling x2  
  85  7:51  Roach x3  
  92  8:08  Drone x3  
  92  8:09  Drone x7  
  102  8:33  Overlord x3  
  102  8:37  Extractor x2  
  97  9:10  Hydralisk Den  
  97  9:14  Roach x10  
  109  9:33  Drone x3, Extractor  
  109  9:34  Drone x7  
  109  9:35  Extractor  
  112  10:19  Hydralisk  
  112  10:20  Hydralisk x2  
  117  10:22  Overlord x3  
  117  10:23  Overlord x4  
  117  10:37  Overlord x3  
  117  10:40  Hydralisk x8  
  133  10:43  Zergling x2  
  133  10:44  Zergling x6  
  137  11:03  Drone x8  
  145  11:19  Hydralisk  
  145  11:20  Hydralisk x5  
  157  11:28  Hydralisk x3  
  163  11:37  Glial Reconstitution  
  144  12:04  Hydralisk  
  144  12:05  Hydralisk x4  
  154  12:10  Extractor  
  154  12:12  Extractor  
  136  12:25  Hydralisk x3  
  136  12:26  Hydralisk x2  
  146  12:41  Zergling x12  
  146  12:42  Zergling x10  
  157  12:53  Drone x3  
  109  14:17  Hydralisk x4  
  109  14:18  Hydralisk x13  
  109  14:22  Overseer x2  
  129  14:34  Lurker Den  
Show
View Real Time Build Order
Export as new Build Order

axu Protoss - Winner!

Build Orders: 1 Gate Expand 

Get SALT Encoding   

  12  0:01  Probe  
  13  0:13  Probe  
  14  0:19  Pylon  
  14  0:25  Probe  
  15  0:37  Probe  
  16  0:48  Gateway  
  16  0:56  Assimilator  
  16  0:58  Probe  
  17  1:11  Probe  
  18  1:23  Probe  
  19  1:40  Cybernetics Core  
  19  1:42  Nexus, Probe  
  20  1:54  Probe  
  21  2:03  Pylon  
  21  2:06  Probe  
  22  2:16  Warp Gate (Chrono Boost)  
  22  2:17  Assimilator  
  22  2:18  Pylon, Probe  
  23  2:26  Adept  
  25  2:30  Probe  
  26  2:42  Probe  
  27  2:53  Gateway  
  27  2:56  Gateway  
  27  3:04  Robotics Facility  
  27  3:14  Probe  
  27  3:15  Probe  
  29  3:26  Probe  
  30  3:27  Probe  
  30  3:29  Gateway  
  31  3:37  Twilight Council  
  31  3:39  Probe  
  31  3:40  Probe  
  33  3:51  Probe  
  33  3:52  Assimilator, Probe  
  35  3:56  Assimilator  
  35  4:06  Probe x2  
  37  4:16  Immortal (Chrono Boost)  
  37  4:18  Blink (Chrono Boost), Probe x2  
  43  4:30  Probe x2  
  45  4:42  Probe  
  45  4:44  Pylon  
  46  4:46  Pylon  
  46  4:55  Pylon  
  46  5:02  Immortal, Probe  
  46  5:03  Stalker  
  46  5:04  Stalker x2  
  57  5:10  Gateway  
  57  5:11  Gateway  
  57  5:27  Stalker  
  57  5:28  Stalker x2  
  63  5:36  Forge  
  63  5:37  Forge  
  63  5:40  Forge  
  63  5:44  Probe x2  
  65  5:56  Probe x2  
  67  6:05  Immortal (Chrono Boost)  
  67  6:07  Nexus  
  67  6:09  Probe x2  
  66  6:30  Protoss Ground Weapons Level 1  
  66  6:31  Protoss Ground Armor Level 1  
  65  6:37  Pylon  
  65  6:39  Pylon  
  65  6:44  Pylon  
  59  7:04  Stalker x3  
  59  7:05  Stalker x2  
  69  7:11  Immortal  
  73  7:18  Pylon  
  73  7:20  Pylon  
  73  7:24  Pylon  
  61  7:55  Immortal  
  61  7:57  Stalker x4  
  61  7:58  Stalker  
  75  8:00  Probe  
  75  8:01  Probe  
  75  8:07  Assimilator  
  75  8:11  Assimilator  
  75  8:12  Probe  
  76  8:33  Stalker  
  78  8:35  Immortal  
  82  8:43  Shield Battery  
  78  8:56  Shield Battery  
  78  9:21  Stalker x4  
  86  9:31  Nexus  
  86  9:35  Sentry  
  88  9:42  Pylon  
  88  9:49  Stalker x3  
  94  9:53  Templar Archives  
  86  10:23  Immortal  
  86  10:27  Protoss Ground Armor Level 2 (Chrono Boost), Protoss Ground Weapons Level 2 (Chrono Boost)  
  90  10:29  Gateway x2  
  90  10:31  Gateway  
  90  10:35  Gateway x2  
  90  10:36  Shield Battery  
  90  10:41  Shield Battery  
  90  10:45  Probe x3  
  93  11:00  Assimilator  
  93  11:02  Observer  
  93  11:04  Assimilator, Probe x3  
  95  11:09  Charge  
  97  11:16  Psionic Storm, Probe x3  
  100  11:21  High Templar x3  
  100  11:22  High Templar x2  
  110  11:32  Archon x2  
  110  11:38  Probe x3  
  113  11:50  Probe x2  
  113  11:51  Probe  
  116  12:02  Probe  
  116  12:03  Probe x2  
  119  12:13  Zealot x2  
  119  12:14  Zealot x3  
  126  12:29  High Templar  
  128  12:30  High Templar x4  
  136  12:44  Zealot x2, Nexus  
  138  12:46  Pylon  
  138  12:49  Pylon  
  140  12:54  Pylon  
  140  12:58  Pylon  
  139  13:07  Immortal  
  143  13:22  Stalker x2  
  143  13:23  Stalker x3  
  143  13:24  Stalker x3  
  143  13:25  Stalker  
  161  14:00  Zealot x2  
  165  14:07  Pylon  
  161  14:11  Pylon  
  161  14:14  Pylon  
  151  14:26  Zealot x5  
  151  14:27  Zealot x3  
Tags
 
Add a new tag
Caveats
  • Supply blocks, unpowered buildings, or Contaminate may cause inaccurate times.
  • Supply counts are checked every 10 seconds.